 Dungeon Crawl Stone Soup version 0.18-a0-1171-ga8e22e7 (webtiles) character file.

18 4thArraOfDagon the Caller (level 2, -1/13 HPs)
             Began as a Vine Stalker Summoner on Jan 26, 2016.
             Slain by an ogre
             ... wielding a +0 giant club
              (14 damage)
             ... on level 4 of the Dungeon.
             The game lasted 00:01:23 (338 turns).

4thArraOfDagon the Caller (Vine Stalker Summoner)    Turns: 338, Time: 00:01:24

Health: -1/13      AC:  2    Str: 10    XL:     2   Next: 66%
Magic:  0/6        EV:  7    Int: 15    God:
Gold:   81         SH:  0    Dex: 14    Spells: 1 memorised, 4 levels left

rFire  . . .     SeeInvis .       - Unarmed
rCold  . . .     Gourm    .     a - +0 robe
rNeg   . . .     Faith    .     (no shield)
rPois  .         Spirit   +     (no helmet)
rElec  .         Dismiss  .     (no cloak)
rCorr  .         Reflect  .     (no gloves)
SustAt .         Harm     .     (no boots)
MR     .....                    (no amulet)
Stlth  ++........               (no ring)
                                (no ring)

@: not resistant to hostile enchantments, unstealthy
A: fangs 2, regeneration 1, magic shield, antimagic bite, no device heal 3, rot
immunity
a: no special abilities


You were on level 4 of the Dungeon.
You were not hungry.

You visited 1 branch of the dungeon, and saw 6 of its levels.

You collected 81 gold pieces.

Inventory:

Armour
 a - a +0 robe (worn)
Scrolls
 d - 2 scrolls of identify {unknown}
 e - a scroll of remove curse {unknown}
Potions
 f - 2 potions of magic {unknown}
Books
 b - a book of Callings

   Spells                             Type                      Level
   a - Summon Small Mammal            Summoning                    1
   b - Call Imp                       Summoning                    2
   c - Call Canine Familiar           Summoning                    3
   d - Summon Guardian Golem          Hexes/Summoning              3
   e - Summon Lightning Spire         Summoning/Air                4
   f - Summon Ice Beast               Ice/Summoning                4
Comestibles
 c - a bread ration


   Skills:
 - Level 1.5 Dodging
 - Level 2.4 Stealth
 + Level 2.2 Unarmed Combat
 - Level 2.1 Spellcasting
 - Level 4.0 Summonings


You had 4 spell levels left.
You knew the following spells:

 Your Spells              Type           Power        Failure   Level  Hunger
a - Summon Small Mammal   Summ           ##..         4%          1    #......


Dungeon Overview and Level Annotations

Branches:
Dungeon (6/15)
 Temple: D:4-7

Altars:


Innate Abilities, Weirdness & Mutations

You have extremely sharp teeth.
Your natural rate of healing is unusually fast.
When hurt, damage is shared between your health and your magic reserves.
Your bite disrupts and absorbs the magic of your enemies.
Potions and wands cannot restore your health.
You are immune to rotting.


Message History

Unknown command.
You hit the giant gecko zombie. You bite the giant gecko zombie.
You drain its power. The giant gecko zombie bites you.
You hit the giant gecko zombie.
You destroy the giant gecko zombie!
No target in view!
No target in view!
Found a stone staircase leading up.
You now have 81 gold pieces (gained 13).
There is a stone staircase leading up here.
You climb upwards.
An ogre comes into view. It is wielding a giant club.
Found a fizzy dark potion.
There is a stone staircase leading down here.
Drink which item? (? for menu, Esc to quit)
Okay, then.
The ogre shouts!
The ogre hits you with a giant club!!
Ouch! That really hurt!
You die...

######.#####
#.########.......#...
#...................
#........#.......#.###
#.!......#..>....#....
#........#.......#....
#........#.......#<...
#....O...#.......#....
#.@...........'....
#######.......#...<
#############


You could see an ogre.

Vanquished Creatures
  A worm (D:3)
  A giant gecko (D:1)
  3 hobgoblins
  3 jackals (D:1)
  A ball python (D:1)
  A giant gecko zombie (D:5)
  A giant newt (D:1)
  2 kobolds (D:1)
  A rat (D:1)
14 creatures vanquished.

Notes
Turn   | Place    | Note
--------------------------------------------------------------
     0 | D:1      | 4thArraOfDagon the Vine Stalker Summoner began the quest for the Orb.
     0 | D:1      | Reached XP level 1. HP: 9/9 MP: 4/4
    66 | D:1      | Reached skill level 1 in Unarmed Combat
   151 | D:1      | Reached XP level 2. HP: 10/13 MP: 6/6
   311 | D:5      | Entered Level 5 of the Dungeon
   319 | D:6      | Noticed an orc warrior
   337 | D:4      | Noticed an ogre
   338 | D:4      | Slain by an ogre

Vault maps used:
D:1:      nagdon_arrival_zigzag_paths
D:2:      lemuel_crystal_altar, lemuel_coloured_pillars_altar
D:3:      lemuel_round_altar, nrook_uturn
D:4:      grunt_temple_overflow_opulence, serial_bayou_crossing, uniq_pikel
D:5:      basic_altar, first_bread, minmay_splitting_lines,
          minmay_hollow_rounded_squares, uniq_blork_the_orc
D:6:      minmay_temple_entry_butterflies, serial_shops,
          nicolae_shop_window_shopping, st_stairs_6, lemuel_flamethrower_2

Action                   || total
-------------------------++-------
Melee: Unarmed           ||    61
 Stab: Sleeping          ||     2
